[Event "44th Chess Olympiad Open 2022"]
[Site "Chennai"]
[Date "2022.08.07"]
[Round "9.23"]
[White "Hillarp Persson, Tiger"]
[Black "Yordanov, Lachezar"]
[Result "1/2-1/2"]
[WhiteElo "2516"]
[BlackElo "2316"]
[Annotator "TA"]
[PlyCount "91"]
[EventDate "2022.??.??"]
[TimeControl "60"]

1. Nf3 Nf6 2. g3 e6 3. Bg2 d5 4. O-O Be7 5. d3 O-O 6. a4 {[%emt 0:00:46] A07: Réti Opening: New York and
Capablanca Systems.} c5 7. e4 Nc6 8. e5 Nd7 9. Re1 {[%emt 0:01:54] [#]}
Re8 $146 ({Predecessor:} 9... b6 10. h4 {1-0 (10) Alonso,S 
(1310)-Van Erps,G (1526) LSS email 2019}) 10. h4 f6 11. exf6 Nxf6 12. Nbd2 Bd6 13. Nf1 h6 14. Ne3 e5 15. Nh2 Be6 16. Nhg4 Nxg4 17. Nxg4 Qd7 18. Ne3 Bf8 19. c4 dxc4 20. dxc4 Nd4 21. Bd2 Rad8 22. Bc3 Qf7 23. Nd5 Bd6 24. Bxd4 exd4 25. Qd2 Kh8 26. a5 Bf5 27. Rxe8+ Rxe8 28. Re1 Rxe1+ 29. Qxe1 Qe6 30. Qd2 Qe8 31. b3 Qd8 32. Bf1 Be4 33. Bd3 Bxd3 34. Qxd3 Qxa5 $11 {[%emt 0:00:30]
Endgame KQB-KQN} 35. Qe4 {[%emt 0:00:00] Against Qe1+} Qd8 {[%emt 0:00:57]
Prevents Qe8+.} 36. Qe6 a6 37. f4 (37. Kg2 $1 $11) 37... Qb8 (37... b5 $15) 38. Kg2 {
[%emt 0:00:33] The position is equal.} b5 39. f5 {[%emt 0:00:
28] [#] Black must now prevent f6.} Be5 40. Ne7 Bf6 (40... Bxg3 $2 41. f6 Bxh4 42. fxg7+ Kxg7 43. Qg6+
Kf8 44. Qg8+ Kxe7 45. Qxb8 $18) 41. Ng6+ Kh7 42. Qf7 Qa8+ 43. Kh2 Qf3 (43... d3 $5 44. Nf8+ Kh8 45. Ng6+ Kh7 46. Nf8+ Kh8 47. Ng6+
Kh7 $11) 44. Nf8+ Kh8 45. Ng6+ Kh7 46. Nf8+ {[%emt 0:00:00] Weighted Error Value:
White=0.04 (flawless) /Black=0.06 (flawless)} 1/2-1/2

[Event "44th Chess Olympiad Open 2022"]
[Site "Chennai"]
[Date "2022.08.07"]
[Round "9.23"]
[White "Stoyanov, Tsvetan"]
[Black "Blomqvist, Erik"]
[Result "1/2-1/2"]
[WhiteElo "2450"]
[BlackElo "2521"]
[Annotator "TA"]
[PlyCount "102"]
[EventDate "2022.??.??"]
[TimeControl "60"]

1.
e4 c5 2. Nf3 d6 3. d4 cxd4 4. Nxd4 Nf6 5. Nc3 Nc6 6. Bc4 Qb6 7. Nxc6 bxc6 8.
O-O g6 9. Qe1 {[%emt 0:00:38] B57: Classical
Sicilian: Sozin with 6...Qb6.} Qc7 {[%emt 0:00:41] Nowadays more popular than
9...Qc5.} 10. Bf4 {[%emt 0:01:11] [#] Hoping for e5.} Nd7 {[%emt 0:00:30]
Against e5} 11. Qd2 Bg7 12. Bh6 O-O 13. Bxg7 Kxg7 14.
b3 {[%emt 0:01:24] [#]} Rd8 $146 ({Predecessor:} 14... Bb7 15.
Rfe1 Qa5 16. Re3 Rad8 17. Rh3 Nf6 18. e5 Nh5 19. Qg5 h6 20. Qxe7 Bc8 21. Rxh5
Qxc3 22. Rf1 Qxc2 23. Qf6+ Kh7 24. e6 Bxe6 25. Bxe6 Qe2 26. Ra5 {½-½ (26)
Dvirnyy,D (2458)-Caruana,F (2640) Martina Franca 2008}) 15. Rad1 Qa5 16. f4 f6 17. Kh1 Nb6 18. Be2 Be6 19. Qe3 Bf7 20. Bf3 e5 21. Be2 Qc5 22. Qxc5 dxc5 23. fxe5 fxe5 24. Ba6 Rab8 $1 {[%emt 0:01:44] Against Bb7. The
position is equal.} 25. Kg1 c4 26. Rxd8 Rxd8 27. Rd1 Rxd1+ 28. Nxd1 cxb3 29. axb3 $11 {[%emt 0:
00:00] Endgame KBN-KBN} Kf6 30. Kf2 g5 31. Ke3 h5 32. Nf2 Ke7 33. Kd2 Nd7 34.
b4 Kd6 35. Bc8 Nb6 36. Bf5 Nc4+ 37. Kd3 Ke7 38. g4 h4 39. Nh3 Kf6 40. Bd7 a5 41. bxa5 Nxa5 42. Kc3 c5 43. Bb5 Nb7 44. Bc6 Nd6 45. Kd2 Bc4 46. Ke1 Nc8 47. Nf2 Nd6 48. Nd1 Be6 49. Nf2 Bc8 50. Ke2 Ba6+ 51. Ke1 Bc8 {[%emt 0:01:22] A balanced but interesting
game. Weighted Error Value: White=0.02 (flawless) /Black=0.01 (flawless)}
1/2-1/2

[Event "44th Chess Olympiad Open 2022"]
[Site "Chennai"]
[Date "2022.08.07"]
[Round "9.23"]
[White "Georgiev, Todor"]
[Black "Westerberg, Jonathan"]
[Result "1/2-1/2"]
[WhiteElo "2272"]
[BlackElo "2476"]
[Annotator "TA"]
[PlyCount "93"]
[EventDate "2022.??.??"]
[TimeControl "60"]

1. d4 d5 2. c4 dxc4 3. e4 Nf6 4. e5 Nd5 5.
Bxc4 Bf5 6. Qb3 {[%emt 0:14:48][%csl Yb7,Yd5]
Prevents Nb4. D20: Queen's Gambit Accepted: 3 e3 and 3 e4.} c6 7. Nc3 (7. Bxd5 $5 cxd5 8. Qxb7 $11) 7... e6 {
[%emt 0:00:14] [#]} 8. Be3 $146 {[%emt 0:22:54] The position is equal.} ({
Don't take} 8. Qxb7 $6 Nb6 $16) ({Predecessor:} 8. Qxb7 Nb6 9. Be2 Bb4 10. Nf3
O-O 11. Be3 f6 12. d5 cxd5 13. exf6 Qxf6 14. Bd4 {1-0 (46) Van Wely,L (2663)
-Dorfman,J (2560) Chartres 2017}) 8... Nb4 {[%emt 0:17:32] [#] Strongly
threatening ...Bc2.} 9. Rc1 {[%emt 0:01:08] Against Bc2} b5 10. Be2 Nd3+ (10... Be7 $11) 11. Bxd3 $14 Bxd3 12. Qd1 Bg6 13. Nge2 Nd7 14. Nf4 Rc8 15. O-O Bf5 16. Qf3 Nb6 17. Rfd1 b4 18. Nce2 Nd5 19. Ng3 Bg6 20. Nxd5 exd5 21. Nh5 Qd7 22. Qe2 {
[%emt 0:03:44] White is more active.} Bxh5 23. Qxh5 Be7 24. f4 g6 {[%emt 0:
02:00] Against f5} 25. Qf3 f5 26. Qe2 Qb7 {[%emt 0:01:23] Prevents Qa6.} 27. Rc2 O-O 28. Rdc1 Rc7 29. Qd3 a5 30. Qb3 {[%emt 0:00:00][%cal Yc2c6] [#]
Black must now prevent Rxc6!} Qb5 {[%emt 0:00:09] And now ...a4 would win.} 31.
a4 Qa6 32. Bf2 (32. Rxc6 $2
Rxc6 33. Qxd5+ Re6 $19) 32... Rb8 33. h3 Rf8 34. Qf3 ({Reject} 34. Rxc6 Rxc6 35. Qxd5+ Re6
$17) 34... Rf7 35. b3 Qc8 36. Qe2 Kg7 37. Qe1 h6 38. Be3 Rf8 39. Qe2 Rf7 40. Qd3 Rf8 41.
Qe2 Rf7 $1 42. Qe1 Rf8 43. Bf2 (43. Qg3 $16) 43... Qe6 (43... Rf7 $1 $11 {keeps the balance.}) 44. Qe2 $16 Qc8 {
[%emt 0:00:00] Prevents Qa6.} 45. Qe1 Qe6 46.
Qe2 Qc8 $1 {[%emt 0:00:00] Prevents Qa6.} 47. Qe1 {[%emt 0:01:
40] Weighted Error Value: White=0.16 (very precise) / Black=0.09 (flawless)} ({
Better is} 47. Rd1 $16) 1/2-1/2

[Event "44th Chess Olympiad Open 2022"]
[Site "Chennai"]
[Date "2022.08.07"]
[Round "9.24"]
[White "Pechac, Jergus"]
[Black "Matamoros Franco, Carlos S."]
[Result "1-0"]
[WhiteElo "2594"]
[BlackElo "2459"]
[Annotator "TA"]
[PlyCount "91"]
[EventDate "2022.??.??"]
[TimeControl "60"]

1. e4 d6 2. Nc3 Nf6 3. Nf3 e5 4. d4 Nbd7 5. Bc4 Be7 6. a4 O-O 7. O-O c6 8. Re1 b6 9. d5 cxd5 10. Nxd5 Bb7 11. b3 Rc8 12. a5 {[%emt 0:
00:00] C41: Philidor Defence.} Nxd5 13. exd5 bxa5 14. Bd2 {[%emt 0:01:42] The position is equal.} Nb6 15. Bxa5 Qd7 16. Bxb6 axb6 17. Qd3 {[%emt 0:00:37] [#]}
Qc7 $146 ({Predecessor:} 17... Rc5 18. b4 Rc7 19. h3 Qc8 20.
Bb3 Rc3 21. Qe2 Qd7 22. Ra7 Rb8 23. Nd2 Bd8 {1-0 (41) Lanc,A (2399)-Hrabusa,M 
(2332) Slovakia 2010}) 18. Re2 ({Better is} 18. Ra2 $11) 18...
Ra8 (18... f5 $5 19. Rae1 Rf7 $15) 19. Rae1 Qc5 20. Nd4 exd4 (20... Bxd5 $2 21. Nf5 Bxc4 22. Nxe7+ Kh8 23.
bxc4 $18) (20... Ra7 {seems wilder.} 21. g3 g6 22. c3 Rc8) 21. Rxe7 Bxd5 22. Bxd5 Qxd5 23. R7e4 Qa5 24. Qxd4 Qc5 25. Qd3 $40 {[%emt 0:00:00]
White is up to no good.} b5 26. h3 Ra2 27. R1e2 {[%emt 0:00:21] Black is now going downhill.} g6 28. Rd4 Rc8 29.
Rxd6 Rxc2 (29... Kg7 $16) 30. Rxc2 $18 Qxc2 $16 {[%emt 0:00:04] Endgame KQR-KQR} 31. Rd8+ Kg7 32. Qd4+ Kh6 33.
Qf4+ Kg7 34. Qe5+ Kh6 {
[%emt 0:00:24] [#]} 35. Rxc8 ({Don't play} 35. Qf4+ $6 Kg7 36.
Qe5+ Kh6 37. Qe3+ (37. Qf4+ Kg7 $16) 37... Kg7 38. Qd4+ Kh6 $16) 35... Qxc8 36. Qxb5 $18 {[%emt 0:00:10] KQ-KQ} Qc1+ 37.
Qf1 Qb2 (37... Qc3 $142) 38. Qc4 Kg7 39. b4 {[%emt 0:00:20][%cal Yb3b4,Yb4b5,Yb5b6] Black
must now prevent b5.} g5 $2 (39... Qa1+ 40. Kh2 Qe5+ 41. g3
Qd6) 40. b5 Qa1+ 41. Kh2 Qe5+ 42. g3 h5 43. Kg2 {
[%emt 0:00:00] [#] Hoping for b6.} Qf5 44. b6 Qd7 {[%emt 0:01:48] Prevents Qd4+.} 45. Qe4 {[%emt 0:00:00] b7 would kill now.}
f5 46. Qa8 {[%emt 0:00:00] Weighted Error Value: White=0.10 
(very precise) /Black=0.47} 1-0

[Event "44th Chess Olympiad Open 2022"]
[Site "Chennai"]
[Date "2022.08.07"]
[Round "9.24"]
[White "Repka, Christopher"]
[Black "Bastidas Rodriguez, Emilio"]
[Result "1/2-1/2"]
[WhiteElo "2516"]
[BlackElo "2351"]
[Annotator "TA"]
[PlyCount "88"]
[EventDate "2022.??.??"]
[TimeControl "60"]

1. g3 d5 2. Nf3 c6 3. Bg2 Nf6 4. O-O Bg4 5. h3 Bh5 6. d4 {[%emt 0:00:05] A07: Réti Opening: New York and Capablanca Systems.}
Nbd7 7. c4 e6 8. cxd5 {
[%emt 0:01:09] The position is equal.} exd5 9. Nh4 {[%emt 0:
00:00] 9.Ne5 is setting a new trend.} Bg6 10. Nc3 Be7 11. Nxg6 hxg6 12.
Qd3 O-O 13. Bf3 Bd6 14. h4 Re8 15. Kg2 Qe7 {[%emt 0:00:56] [#]} 16. Rh1 $146 ({Predecessor:} 
16. Bd2 Ne4 17. Rh1 Ndf6 18. e3 Qe6 19. Rae1 Rad8 20. Bc1 Bb8 21. Ne2 Ng4 22.
Ref1 {1-0 (50) Banusz,T (2628)-Petrosyan,T (2448) Chess.com INT 2020}) 16...
Ne4 17. h5 g5 18. h6 g6 19. h7+ ({White should
play} 19. Bxe4 $11 dxe4 20. Qd1) 19... Kh8 $15 20. Qe3 (20. Bxe4 $15 dxe4 21. Qc2) 20... f6 21. Bxe4 dxe4 22. f3 (22. Qd2 $17 {
is a better defense.}) 22... exf3+ $19 23. Qxf3 Bb4 {[%emt 0:03:53] White must now prevent ...Bxc3.} 24. e3 Bxc3 25. bxc3 Qe4 (
25... Qe6 $17 {aiming for ...Re7.} 26. Kg1 Qc4) 26. Qxe4 $11 Rxe4 27. Rb1 b6 28. Kf3 Rae8 29. g4 R4e7 30. Rb4 (30. a4 $11 {keeps the balance.}) 30... Rxh7 (30... f5 {is more complex.} 31. gxf5 gxf5 32. Rh6 g4+) 31.
Rxh7+ Kxh7 $17 {[%emt 0:00:12] Endgame KRB-KRN} 32. Ra4 (32. e4 $142) 32... a5 33. c4 c5 34. Ba3 f5 ({Black should try} 34... Rc8 35. dxc5 Nxc5 36. Bxc5 Rxc5) 35. dxc5 bxc5 {[%emt 0:01:46] Strongly threatening ...Kh6.} 36. Bb2 $2 ({But not} 36. gxf5 gxf5 37. Rxa5 Ne5+ 38. Kf2 Ng4+ 39. Kg1 Rxe3 40.
Bxc5 Re4 $19) (36. Rxa5 $11 {and White stays safe.} Ne5+ 37. Ke2) 36... Nb6 $19 37. Rxa5 Nxc4 38. Ra7+ Kg8 39. Bf6 Rxe3+ 40. Kf2 {[%emt 0:00:08] [#]} Re4 (40... f4 $1 $17 41.
Re7 Rxe7 42. Bxe7 Nd2) 41. gxf5 $1 $15 Rf4+ 42. Ke2 $1 Rxf5 43. Bc3 Kf8 44. Rc7 {[%emt 0:05:52] [#]} (44. Rg7 $15) 44... g4 {[%emt 0:
00:00] Weighted Error Value: White=0.22 (precise) /Black=0.20 (precise)} (44...
Nd6 $1 $17 45. Rg7 Ne4) 1/2-1/2

[Event "44th Chess Olympiad Open 2022"]
[Site "Chennai"]
[Date "2022.08.07"]
[Round "9.24"]
[White "Mieles Palau, Daniel"]
[Black "Gazik, Viktor"]
[Result "0-1"]
[WhiteElo "2364"]
[BlackElo "2544"]
[Annotator "TA"]
[PlyCount "106"]
[EventDate "2022.??.??"]
[TimeControl "60"]

1. e4 c5 2. Nf3 e6 3. d4 cxd4 4. Nxd4 Nf6 5. Nc3 Nc6 6. Ndb5 Bc5 7.
Bf4 {[%emt 0:13:55] 7.Bf4 is better than 7.Nd6+.} O-O {[%emt 0:04:37] B45:
Sicilian Four Knights.} 8. Bc7 Qe7 {[%emt 0:05:01] Threatens
to win with ...d5.} 9. Bd6 $1 Bxd6 {[%emt 0:00:07] White is
slightly better.} 10. Qxd6 Qd8 11. Be2 a6 12. Nd4 Qb6 13. Nb3 Rd8 {[%emt 0:04:10] [#]} 14. Rd1 $146 ({Predecessor:} 14. O-O Ne8 15. Qf4 d6 16. Rad1 Qc7 17. Rd3 b5 18. a4
b4 19. Nb1 Ne5 20. Rd2 {0-1 (49) Forgues,V (2012)-Pavlidou,E (2139) Vung Tau
2008}) 14... Ne8 15. Qd2 Qc7 16. O-O b5 17. Qe3 d6 18. f4 Bb7 (18... Rb8 $5 ) 19. Rd2 (19. a3 $11) 19... Rac8 (19... b4 $5 20. Nd1 Nf6 $11) 20. Rfd1 Na5 21. f5 b4 22. Na4 exf5 23. Nb6 (23. exf5 $11 Qc6 24.
Bh5 (24. Rd5 $2 Nxb3 25. axb3 Nf6 $19)) 23... f4 (23... Nxb3
$17 24. axb3 Rb8 25. exf5 Bxg2 $1) 24. Qf2 $11 Nxb3 25. cxb3 Rb8 26. Nd5 Bxd5 27. Rxd5 Nf6 28. R5d4 Re8 29. Qxf4 Qa5 30. Bf3 Qxa2 31. Rxd6 (31. Qxd6 $5 Rb5 32. Be2 $11) 31... Qxb2 32. Rxa6 Rb5 (32... Qxb3 $2
33. e5 $18) 33. Qc7 (33. Qe3 $11 {remains equal.}) 33... Qxb3
$17 34. Rd8 $2 {[%emt 0:00:05] [#]} (34. h3 $17) 34... Rbe5 $3 35. Raa8 $15 {[%emt 0:00:14] Qxe5 is the strong threat.} Qb1+ 36. Kf2 {[%emt 0:00:14] And now Qxe5 would win.} Qb2+ ({Don't play} 36... Nxe4+ $6 37. Bxe4 Rf5+ 38. Bxf5 Qxf5+ 39.
Kg1 Qb1+ 40. Kf2 Qf5+ 41. Kg3 Qg5+ 42. Kh3 Qh6+ 43. Kg4 Qe6+ 44. Kh5 Qh6+ 45.
Kg4 Qe6+ 46. Kh4 Qh6+ 47. Kg4 $11) 37. Kf1 Qb1+ $40 {[%emt 0:
00:54] Black is up to no good.} (37... h6 $1 $17 {Hoping for ...Kh7.} 38. Ra7
Qb1+ 39. Rd1 (39. Bd1 $2 Kh7 $19) 39... Qb3) 38. Kf2 {[%emt 0:00:00] aiming
for Qxe5.} Qb2+ ({Black should try} 38... R5e6 $15 39. Rxe8+
Nxe8) 39. Kf1 $1 $17 h6 $1 {[%emt 0:00:59] Black is more
active.} 40. Rxe8+ Rxe8 {[%emt 0:00:31] Chess con chili.} 41.
Rxe8+ Nxe8 {[%emt 0:00:53] Endgame KQB-KQN} 42. Qe7 (42. Qb8 {was necessary.} Kf8 43. Be2) 42... Qc1+ 43.
Ke2 Qc2+ 44. Ke3 Qc3+ 45. Ke2 Qc4+ ({Don't blunder
} 45... Nf6 $2 46. Qd8+ Kh7 47. Qd3) 46. Ke3 {[%emt 0:00:00] [#]} Nc7 47. Qd8+ Kh7 48. e5 Ne6 $2 (48... Qc1+ $19 {is more deadly.} 49. Qd2 Qa3+ 50. Ke2
g6) 49. Qd3+ Qxd3+ 50. Kxd3 Kg6 51. Kc4 b3 {[%emt 0:00:03] White must now prevent ...Kf5.} 52. Kxb3 $2 {
[%emt 0:00:01] [#]} (52. Kc3 $17) 52... Nd4+ $1 $19 53. Kc4 Ne6 $2 {[%emt 0:00:02] Weighted Error Value: White=0.29 (precise) /Black=0.27 
(precise) . Loss on time!?} (53... Nxf3 $19 54. gxf3 Kf5) 0-1

[Event "44th Chess Olympiad Open 2022"]
[Site "Chennai"]
[Date "2022.08.07"]
[Round "9.24"]
[White "Esmeraldas Huachi, Anderson"]
[Black "Ftacnik, Lubomir"]
[Result "0-1"]
[WhiteElo "2071"]
[BlackElo "2483"]
[Annotator "RC"]
[PlyCount "42"]
[EventDate "2022.??.??"]
[TimeControl "60"]

1. d4 Nf6 2. c4 g6 3. Nc3 d5 4. cxd5 Nxd5 5. e4 Nxc3 6. bxc3 Bg7 7. Bc4 O-O 8. Ne2 Nc6 9. O-O b6 10. Bd5 Qd7 11. Ba3 Bb7 12. Rc1 Rfd8 13.
f3 e6 14. Bxc6 Bxc6 15. Qd2 Bb7 16. Rfd1 c5 17. Qb2 Ba6 18. e5 Qa4 19. Nf4 Bxe5 20. Nd3 Bg7 21. Ne5 Bxe5 0-1

[Event "44th Chess Olympiad Open 2022"]
[Site "Chennai"]
[Date "2022.08.07"]
[Round "9.25"]
[White "Bogner, Sebastian"]
[Black "Galego, Luis"]
[Result "1-0"]
[WhiteElo "2545"]
[BlackElo "2462"]
[Annotator "TA"]
[PlyCount "100"]
[EventDate "2022.??.??"]
[TimeControl "60"]

1. d4 Nf6 2. c4 e6 3. Nf3 Bb4+ 4. Nbd2 d5 5. Qa4+ Nc6 6. e3 O-O 7. a3 Bxd2+ 8. Bxd2 Ne4 9. Qc2 (9. Bd3 {feels hotter.} e5 10. cxd5
Qxd5 11. Qc2) 9... Nxd2 {[%emt 0:04:41] E11: Bogo-Indian.} 10. Qxd2 Qf6 11. Qc3 Ne7 {[%emt 0:07:15][%cal
Yc7c5] White is slightly better.} 12. Rc1 c6 13. Bd3 Ng6 14. h4 {[%emt 0:06:04][%cal
Yh2h4,Yh4h5,Yh5h6] [#]} Re8 $146 ({Predecessor:} 14... Rd8 15.
h5 Nf8 16. h6 g6 17. e4 dxe4 18. Bxe4 Qe7 19. O-O f5 20. Bc2 Qf6 {1-0 (57)
Mekhitarian,K (2546)-Cordeiro,M (2223) Concordia 2018}) 15. h5 Nf8 16. Rh4 Qe7 17. h6 g6 18. e4 f5 19. e5 g5 20. Rh5 g4 21. Ng1 (21. Ng5
$16) 21... Ng6 22. Ne2 {[%emt 0:00:00] Inhibits Nf4.} (22.
cxd5 $16 {d6 is the strong threat.} cxd5 23. Qd2) 22... dxc4 $11 23. Bxc4 Kh8 24. f3 gxf3 25. gxf3 Bd7 26. Kf2 Rg8 27. Rg1 Be8 28. Rhg5 {[%emt 0:01:03][%cal Yc4e6] [#] Hoping for Bxe6!} Bf7 29. Qe3 Rad8 30. b4 Qc7 (30... a5 $11) 31. Nf4 Qd7 (31... Qe7 $1 $11 {remains equal.}) 32. Ne2 {[%emt 0:02:
26] White is much more active.} Qc7 33. Qb3 Qe7 34. Kf1 b5 35. Bd3 Nh4 36. R5g3 Rxg3 37. Rxg3 Rg8 38. Rxg8+ Kxg8 39. f4 {[%emt 0:00:41]
Against Qg5} Nf3 $2 {[%emt 0:00:54] [#]} (39... Ng6 $11 {and Black stays safe.}
) 40. Qc3 $1 $18 Qh4 {[%emt 0:01:00] ( -> ...Nh2+)} 41. Qxc6 {
[%emt 0:04:48] Qa8+ would kill now.} Qe1+ $2 (41... Nd2+ 42.
Kg2 Qxh6) 42. Kg2 {[%emt 0:00:16] Intending Qa8+ and mate. White is clearly
winning.} Nh4+ 43. Kh3 {[%emt 0:01:28] White threatens Qc8+
and mate.} Ng6 44. Qc8+ Nf8 {[%emt 0:00:02]
Strongly threatening ...Qh1+.} 45. Qc1 Qxc1 46. Nxc1 Be8 47. Kh4 Kf7 48. Kg5 Bc6 49. Ne2 Nd7 50. Nc3 Kg8 {[%emt 0:02:21]
Weighted Error Value: White=0.14 (very precise) /Black=0.30} 1-0

[Event "44th Chess Olympiad Open 2022"]
[Site "Chennai"]
[Date "2022.08.07"]
[Round "9.25"]
[White "Ferreira, Jorge Viterbo"]
[Black "Georgiadis, Nico"]
[Result "1-0"]
[WhiteElo "2499"]
[BlackElo "2578"]
[Annotator "TA"]
[PlyCount "95"]
[EventDate "2022.??.??"]
[TimeControl "60"]

1. c4 {[%emt 0:00:02] Giri, Anish} e5 2. g3 c6 3. Nf3 e4 4. Nd4 d5 5. cxd5 Qxd5 6. Nc2 {[%emt 0:03:32] A20: English Opening: 1...e5.} Nf6 7. Nc3 Qe5 8. Bg2 {[%emt 0:
00:00] The position is equal.} Na6 9. O-O (9.
d4 {with more complications.} exd3 10. Qxd3 Nb4 11. Nxb4 Bxb4 12. a3) 9... Be7
10. Ne3 $1 h5 11. d4 exd3 $1 12. exd3 {[%emt 0:09:39][%cal Ye2d3,Yd3d4] [#]} O-O $146 ({Predecessor:} 12... Qd4 13. Nc2 Qg4 14. Bf4 Qxd1 15. Raxd1
Bg4 16. Rd2 O-O-O 17. d4 Nc7 18. Ne3 Be6 {½-½ (40) Giri,A (2763) -Grischuk,A
(2777) Ekaterinburg 2020 CBM 202 [Giri, Anish]}) 13. d4 Qc7 14. d5 Rd8 15. Qf3 (15. Qe2 $14) 15... Bf8 (15... Nb4 $11) 16. dxc6 $14 bxc6 17. Qxc6 Qxc6 18. Bxc6 Rb8 19. Ned5 Nxd5 20. Bxd5 ({Of course not} 20. Nxd5 Rd6
21. Bf4 Rxc6 $15) 20... Bh3 21. Bg2 Bxg2 22. Kxg2 Rdc8 23. Na4 Nc5 24. Nxc5 Bxc5 25. Rb1 Rb7 26. Bf4 {[%emt 0:00:00] 
[#] Black must now prevent Rfc1.} Bd4 27. b3 Rc2 28. Rbd1 Bb6 29. Rd2 Rxd2 30. Bxd2 $16 {[%emt 0:00:01] Endgame
KRB-KRB} Rd7 31. Bf4 h4 (
31... Rd3 $16) 32. gxh4 $18 Bd8 33. h5 Kh7 {[%emt 0:00:00] [#]} 34. Re1 $1 f6 35. Re2 Ba5 {[%emt 0:02:
20] Against Rd2} 36. Re6 Bb4 37. h6 g5 $2 (37... Bd2 {is a better defense.}) 38. Be3 Bd2 (38... Bc3 $142 39. Ra6 Kxh6) 39. Rxf6 Bxe3 40. fxe3 {[%emt 0:00:00][%cal Yf2e3,
Ye3e4,Ye4e5] KR-KR} Rd2+ 41. Rf2 Rd7 42. Kf3 Kxh6 43. e4 {[%emt 0:
00:00] Hoping for e5.} a5 $2 (43... Re7 44. Rg2 Re6) 44. e5 {
[%emt 0:02:49] White is clearly winning.} a4 45. Ke4 axb3 46. axb3 Rb7 47. Rf3 (47. e6 $142 Kg6 48. Rf8) 47... g4 48. Rg3 {[%emt 0:00:00] Weighted Error Value: White=0.11 (very precise) /
Black=0.24 (precise)} 1-0

[Event "44th Chess Olympiad Open 2022"]
[Site "Chennai"]
[Date "2022.08.07"]
[Round "9.25"]
[White "Kurmann, Oliver"]
[Black "Santos, Jose Guilherme B Li"]
[Result "1/2-1/2"]
[WhiteElo "2463"]
[BlackElo "2361"]
[Annotator "TA"]
[PlyCount "66"]
[EventDate "2022.??.??"]
[TimeControl "60"]

1. e4 c6 2. d4 d5 3.
e5 Bf5 4. h4 h5 5. Bd3 Bxd3 6. Qxd3 {[%emt 0:00:00]
[%cal Ye5e6] B12: Caro-Kann: Advance Variation.} Qa5+ 7. b4 Qxb4+ 8. Nd2 e6 9. Rb1 Qe7 10. c4 {[%emt 0:
00:10] [#]} b6 $146 ({Predecessor:} 10... Nh6 11. Ne2 Na6 12.
c5 Nf5 13. Nf3 b5 14. Ng3 Nc7 15. Nxf5 exf5 16. Qxf5 Qd7 17. Qxd7+ Kxd7 {
0-1 (118) Martinez Alcantara,J (2591)-Melkumyan,H (2634) Chess.com INT 2022})
11. Ne2 Qd7 12. Ba3 Ne7 13. Ng3 Ng6 {[%emt 0:00:26] Threatening ...c5.
} 14. Bxf8 Kxf8 15. Rd1 Qe7 16. cxd5 cxd5 17. Rc1 {
[%emt 0:00:12] Against Nc6} Qd7 {[%emt 0:11:59] Against Rc8+} 18. Nf3 (18. Rc3 $11 {keeps the balance.}) 18... Nc6 $17 19.
O-O Nge7 ({Black should try} 19... Na5 $1 $17
20. Ne2 Nc4) 20. Qe3 f6 (20... Rc8 $11) 21.
Rfe1 $14 {[%emt 0:08:47] Threatens to win with exf6.} Kf7 ({
Better is} 21... Rc8 $14) 22. Ne2 $2 ({Only move:} 22. exf6
$18 gxf6 23. Qf4) 22... Ng6 (22... fxe5 $14 23. Nxe5+ Nxe5 24.
Qxe5 Ng6) 23. Nf4 $16 Nxf4 24. Qxf4 f5 25. Ng5+ {[%emt 0:01:44] White has compensation.}
Ke8 {[%emt 0:00:05] [#]} (25... Kg8 $14) 26. Re3 $1 {[%emt 0:00:00] Black must
now prevent Rec3.} Na5 27. Nh3 {[%emt 0:01:44] White is much
more active. The black rooks are badly placed.} Rh6 ({Black
should play} 27... Qf7 $14) 28. Rg3 Nc4 29.
Qxh6 gxh6 $11 30. Rg8+ Kf7 (30... Ke7 $11 31. Rxa8 Qa4) 31. Rxa8 $14 {[%emt 0:00:12]
Black should prevent Nf4.} Qb7 $2 (31... Qa4 $11) 32. Rh8 $18
{[%emt 0:02:44] Strongly threatening Rh7+. Really sharp!} Kg7 {[%emt 0:00:39] 
[#] Against Rh7+} 33. Re8 (33. Rd8 $1 $18) 33... Qd7 $2 {
[%emt 0:00:58] Weighted Error Value: White=0.37/Black=0.51} (33... Kf7 $11 {
and Black stays safe.} 34. Rh8 Kg7) 1/2-1/2

[Event "44th Chess Olympiad Open 2022"]
[Site "Chennai"]
[Date "2022.08.07"]
[Round "9.25"]
[White "Sousa, Andre Ventura"]
[Black "Pelletier, Yannick"]
[Result "1/2-1/2"]
[WhiteElo "2420"]
[BlackElo "2551"]
[Annotator "TA"]
[PlyCount "63"]
[EventDate "2022.??.??"]
[TimeControl "60"]

1. c4 {
[%emt 0:00:02] ChessBase II} Nf6 2. g3 e6 3. Bg2 d5 4. Nf3 dxc4 5. Qa4+ Bd7 6.
Qxc4 {[%emt 0:00:00] A13: English Opening: 1...e6.} c5 7. Ne5 Qc8 8. O-O Nc6 {[%emt 0:00:
00] Against d4} 9. Nxd7 (9. d4 {looks sharper.} cxd4 10. Bxc6
Bxc6 11. Rd1) 9... Qxd7 10. Nc3 Rc8 11. d3 Be7 12. a4 b6 {[%emt 0:00:30] [#]} 13. Bxc6 $146 ({Predecessor:} 13. Be3 O-O 14. Rac1 Rfd8 15. Rfe1 Nd5 16. Nxd5 exd5 17.
Qb5 Qe6 18. d4 c4 19. b3 {½-½ (88) Tari,A (2584)-Grandelius,N (2642) Wijk
aan Zee 2017 CBM 177 [ChessBase II]}) 13... Rxc6 14. a5 O-O 15. axb6 Rxb6 16. Na4 Rb5 17. Bg5 Rc8 18. Rfc1 h6 19. Bd2 {[%emt 0:05:02][%cal Yb2b4] Against Rb4} Nd5 {[%emt 0:
04:55] Inhibits b4.} 20. Ra3 Rcb8 21. e4 Nb6 22. Nxb6 R5xb6 23. Bc3 R8b7 24. Rca1 Rd6 25. Be5 {[%emt 0:00:13] The position is equal.} Rdb6 26. Ra6 Bf6 27. Bxf6 gxf6 28. Rxb6 Rxb6 29. Ra3 Qd4 30. b3 Rd6 31.
Rxa7 Qxd3 32. Qxd3 {An interesting draw. Weighted Error Value: White=0.04 
(flawless) /Black=0.02 (flawless)} 1/2-1/2